 Dungeon Crawl Stone Soup version 0.19-a0 (webtiles) character file.

69531 ololoev the Fencer (level 14, -2/141 HPs)
             Began as a Minotaur Fighter on Apr 27, 2016.
             Was a High Priest of Okawaru.
             Slain by ololoev's ghost (18 damage)
             ... while paralysed by something
             ... on level 2 of the Depths.
             The game lasted 00:36:54 (14511 turns).

ololoev the Fencer (Minotaur Fighter)              Turns: 14511, Time: 00:36:55

Health: -2/141     AC: 28    Str: 25    XL:     14   Next: 90%
Magic:  17/20      EV:  2    Int:  5    God:    Okawaru [*****.]
Gold:   1157       SH:  0    Dex: 24    Spells: 0 memorised, 13 levels left

rFire  . . .     SeeInvis .     a - +1 great sword "Jelly's Peril" {flame, rElec rN+ Dex+6}
rCold  + . .     Gourm    .     n - +0 plate armour
rNeg   + . .     Faith    .     (shield currently unavailable)
rPois  .         Spirit   .     (helmet restricted)
rElec  +         Dismiss  .     W - +0 cloak
rCorr  +         Reflect  .     l - +1 pair of gloves
SustAt .         Harm     .     Z - +0 pair of boots of the Depths {Dex+3}
MR     +....                    j - amulet of regeneration
Stlth  ..........               K - ring of resist corrosion
                                y - +4 ring of protection

@: paralysed, heroism, finesse, somewhat resistant to hostile enchantments,
extremely unstealthy
A: retaliatory headbutt, beak, horns 2, agile 2, cold resistance 1, robust 1,
wild magic 1
a: Heroism, Finesse, Renounce Religion


Innate Abilities, Weirdness & Mutations

You reflexively headbutt those who attack you in melee.
You have a pair of horns on your head.
You have a beak for a mouth.
You are very agile. (Dex +4)
Your flesh is cold resistant.
You are robust (+10% HP).
Your spells are a little harder to cast, but a little more powerful.

Inventory:

Hand Weapons
 a - the +1 great sword "Jelly's Peril" (weapon) {flame, rElec rN+ Dex+6}
   (Okawaru gifted it to you on level 14 of the Dungeon)

   It has been specially enchanted to burn those struck by it, causing extra
   injury to most foes and up to half again as much damage against particularly
   susceptible opponents.
   Big, fiery blades are also staple armaments of hydra-hunters.
   It affects your dexterity (+6).
   It insulates you from electricity.
   It protects you from negative energy.
 b - a +1 blowgun
Missiles
 N - 5 needles of confusion
 R - 7 needles of frenzy
Armour
 l - a +1 pair of gloves (worn)
 n - a +0 plate armour (worn)
 W - a +0 cloak (worn)
 Z - the +0 pair of boots of the Depths (worn) {Dex+3}
   (You found it on level 15 of the Dungeon)

   It affects your dexterity (+3).
Jewellery
 j - an amulet of regeneration (around neck)
 y - a +4 ring of protection (left hand)
 K - a ring of resist corrosion (right hand)
Wands
 E - a wand of disintegration (10/24)
 L - a wand of digging (13/24)
 Q - a wand of teleportation (9/9)
Scrolls
 c - 3 scrolls of fear
 m - 4 scrolls of teleportation
 p - 3 scrolls of amnesia
 q - 4 scrolls of enchant armour
 s - 2 scrolls of blinking
 A - 11 scrolls of remove curse
 D - 4 scrolls of immolation
 J - a scroll of recharging
 O - 2 scrolls of fog
Potions
 g - a potion of brilliance
 i - 4 potions of agility
 k - 2 potions of heal wounds
 t - 2 potions of berserk rage
 w - 6 potions of curing
 C - 2 potions of cure mutation
 I - 4 potions of flight
 P - 2 potions of haste {unknown}
 T - a potion of mutation {unknown}
 X - a potion of resistance {unknown}
 Y - 2 potions of might
Comestibles
 d - 3 chunks of flesh
 f - 5 bread rations
 u - 6 meat rations
 z - 4 beef jerkies
 G - 14 fruits
 M - 10 royal jellies


   Skills:
 + Level 13.4(18.4) Fighting
 * Level 17.2(22.2) Long Blades
 + Level 10.6(15.6) Throwing
 + Level 13.1(18.1) Armour
 + Level 6.4(11.4) Dodging
   Level 3.6(8.6) Shields
 + Level 10.2 Invocations


You had 13 spell levels left.
You didn't know any spells.


You were on level 2 of the Depths.
You worshipped Okawaru.
Okawaru was extremely pleased with you.
You were not hungry.

You visited 3 branches of the dungeon, and saw 18 of its levels.
You also visited: Wizlab.

You collected 1365 gold pieces.
You spent 208 gold pieces at shops.

## #.# #..#
#.8.#####
.#.......#
.'.....@.#
.'....cW.#
.#...⌠...##
#........#
#(>.....8.#
#..........#
#####''#####
.... 8....

Notes
Turn   | Place    | Note
--------------------------------------------------------------
     0 | D:1      | ololoev the Minotaur Fighter began the quest for the Orb.
     0 | D:1      | Reached XP level 1. HP: 19/19 MP: 0/0
   365 | D:1      | Reached XP level 2. HP: 27/27 MP: 1/1
   578 | D:1      | Reached skill level 1 in Dodging
   731 | D:1      | Reached skill level 3 in Long Blades
  1003 | D:2      | Reached XP level 3. HP: 33/33 MP: 2/2
  1592 | D:3      | Noticed Jessica
  1599 | D:3      | Killed Jessica
  1599 | D:3      | Reached skill level 4 in Long Blades
  1599 | D:3      | Reached XP level 4. HP: 39/40 MP: 3/3
  1837 | D:3      | Found a sacrificial altar of Ru.
  2098 | D:4      | Reached XP level 5. HP: 47/47 MP: 4/4
  2394 | D:4      | Reached skill level 5 in Long Blades
  2413 | D:4      | Reached skill level 1 in Throwing
  2543 | D:4      | Found a basalt altar of Yredelemnul.
  2612 | D:4      | Reached XP level 6. HP: 51/53 MP: 5/5
  2615 | D:4      | Reached skill level 5 in Armour
  2656 | D:5      | Entered Level 5 of the Dungeon
  2663 | D:5      | Reached skill level 5 in Fighting
  2677 | D:5      | Reached skill level 6 in Long Blades
  2689 | D:5      | Noticed Grinder
  2701 | D:5      | Killed Grinder
  2701 | D:5      | Reached XP level 7. HP: 42/61 MP: 6/6
  2857 | D:5      | Found Neqoc's General Store.
  3100 | D:5      | Reached skill level 7 in Long Blades
  3379 | D:5      | Found a snail-covered altar of Cheibriados.
  3498 | D:6      | Found Iclon's General Store.
  3516 | D:6      | Bought a potion of curing for 33 gold pieces
  3516 | D:6      | Bought a potion of flight for 33 gold pieces
  3516 | D:6      | Bought a scroll of identify for 22 gold pieces
  3840 | D:6      | Reached XP level 8. HP: 70/70 MP: 7/7
  3926 | D:6      | Reached skill level 8 in Long Blades
  4006 | D:7      | Found a staircase to the Ecumenical Temple.
  4015 | Temple   | Entered the Ecumenical Temple
  4113 | Temple   | Became a worshipper of Warmaster Okawaru
  4188 | D:7      | Noticed Pikel
  4228 | D:7      | Killed Pikel
  4228 | D:7      | Reached * piety under Okawaru
  4228 | D:7      | Reached skill level 9 in Long Blades
  4228 | D:7      | Reached skill level 1 in Invocations
  4314 | D:7      | Found a glowing golden altar of the Shining One.
  4548 | D:7      | Reached XP level 9. HP: 74/79 MP: 9/9
  4766 | D:7      | Noticed eragonby's ghost (novice GrFi)
  4787 | D:7      | Killed eragonby's ghost
  4931 | D:8      | Found a staircase to the Lair.
  5085 | D:8      | Reached skill level 10 in Long Blades
  5162 | D:8      | Reached skill level 5 in Throwing
  5220 | D:8      | Reached ** piety under Okawaru
  5523 | D:8      | Found a shimmering altar of Xom.
  5547 | D:8      | Reached XP level 10. HP: 83/90 MP: 8/11
  5556 | D:8      | Reached skill level 11 in Long Blades
  5924 | D:9      | Reached *** piety under Okawaru
  6024 | D:9      | Reached skill level 5 in Invocations
  6192 | D:9      | Got a shimmering long sword
  6193 | D:9      | Identified the +3 long sword of Floods {flame, rElec rN+ Int-3} (You found it on level 9 of the Dungeon)
  6398 | D:9      | Found a staircase to the Orcish Mines.
  6631 | D:9      | Received a gift from Okawaru
  6841 | D:9      | Found a blossoming altar of Fedhas.
  6855 | D:9      | Found an opulent altar of Gozag.
  6962 | D:10     | Entered Level 10 of the Dungeon
  7040 | D:10     | Reached skill level 12 in Long Blades
  7234 | D:10     | Reached **** piety under Okawaru
  7264 | D:10     | Noticed a deep elf mage
  7266 | D:10     | Noticed a deep elf mage
  7267 | D:10     | Noticed a deep elf mage
  7280 | D:10     | Killed a deep elf mage
  7288 | D:10     | Killed a deep elf mage
  7288 | D:10     | Reached XP level 11. HP: 55/97 MP: 12/14
  7297 | D:10     | Killed a deep elf mage
  7297 | D:10     | Received a gift from Okawaru
  7300 | D:10     | Identified the Catalogue of Plaster Cramp
  7404 | D:10     | Identified the Papyrus of Dhcmrlchtdj
  7412 | D:10     | Identified Sif Muna's Tome of Combed Thunderclap
  7722 | D:10     | crauler: brain not needed
  8130 | D:11     | Found a radiant altar of Vehumet.
  8563 | D:12     | Noticed a deep elf mage
  8563 | D:12     | Reached skill level 10 in Fighting
  8586 | D:12     | Killed a deep elf mage
  8586 | D:12     | Reached skill level 13 in Long Blades
  8629 | D:12     | Noticed a green ugly thing
  8638 | D:12     | Killed a green ugly thing
  8718 | D:12     | Paralysed by a wasp for 2 turns
  8858 | D:12     | Reached skill level 10 in Armour
  8998 | D:12     | Reached ***** piety under Okawaru
  9065 | D:12     | Noticed a deep elf mage
  9072 | D:12     | Killed a deep elf mage
  9121 | D:12     | Received a gift from Okawaru
  9469 | D:13     | Reached XP level 12. HP: 61/108 MP: 13/16
  9492 | D:13     | Received a gift from Okawaru
  9638 | D:13     | Reached skill level 14 in Long Blades
  9825 | D:13     | Found an oddly glowing altar of Pakellas.
 10123 | D:13     | Noticed a seven-headed hydra
 10135 | D:13     | Killed a three-headed hydra
 10444 | D:13     | Received a gift from Okawaru
 10504 | D:13     | Found a gate to the Vaults.
 10805 | D:14     | Noticed a centaur warrior
 10814 | D:14     | Killed a centaur warrior
 10818 | D:14     | Received a gift from Okawaru
 10857 | D:14     | Noticed a tengu warrior
 10858 | D:14     | Noticed a tengu warrior
 10876 | D:14     | Killed a tengu warrior
 10888 | D:14     | Noticed a centaur warrior
 10890 | D:14     | Noticed Kirke
 10895 | D:14     | Killed a tengu warrior
 10895 | D:14     | Reached skill level 15 in Long Blades
 10902 | D:14     | Killed a centaur warrior
 10902 | D:14     | Reached XP level 13. HP: 97/117 MP: 18/18
 10961 | D:13     | crauler: runed shield
 10997 | D:14     | Killed Kirke
 10997 | D:14     | Received a gift from Okawaru
 11000 | D:14     | Got a sapphire great sword {god gift}
 11001 | D:14     | Identified the +1 great sword "Jelly's Peril" {flame, rElec rN+ Dex+6} (Okawaru gifted it to you on level 14 of the Dungeon)
 11012 | D:14     | ololoev: мне кажется, или ока просто дал немного проапгрейженную версию??
 11095 | D:14     | crauler: они в одной стойке у него на чердаке лежат
 11108 | D:14     | Found a portal to a secret trove of treasure.
 11575 | D:15     | Entered Level 15 of the Dungeon
 11689 | D:15     | Noticed an ettin
 11698 | D:15     | Killed an ettin
 11706 | D:15     | Found a staircase to the Depths.
 11718 | D:15     | Reached ****** piety under Okawaru
 11786 | D:15     | Got a pair of faintly humming boots
 11797 | D:15     | Identified the cursed +0 pair of boots of the Depths {Dex+3} (You found it on level 15 of the Dungeon)
 12030 | D:15     | Received a gift from Okawaru
 12030 | D:15     | Reached skill level 16 in Long Blades
 12040 | D:15     | Found Fusautost's Assorted Antiques.
 12044 | D:15     | Bought a scroll of identify for 60 gold pieces
 12044 | D:15     | Bought a scroll of identify for 60 gold pieces
 12462 | D:15     | Received a gift from Okawaru
 12745 | D:15     | Gained mutation: You have a beak for a mouth. [mutagenic meat]
 12746 | D:15     | Gained mutation: You are agile. (Dex +2) [mutagenic meat]
 12747 | D:15     | Gained mutation: Your flesh is cold resistant. [mutagenic meat]
 12749 | D:15     | Gained mutation: You are robust (+10% HP). [potion of beneficial mutation]
 12786 | Depths:1 | Entered Level 1 of the Depths
 12786 | Depths:1 | Noticed a white very ugly thing
 12788 | Depths:1 | Noticed a white very ugly thing
 12797 | Depths:1 | Noticed a jiangshi
 12798 | Depths:1 | Reached XP level 14. HP: 139/139 MP: 12/20
 12812 | Depths:1 | Killed a brown very ugly thing
 12812 | Depths:1 | Received a gift from Okawaru
 12833 | D:15     | Killed a brown very ugly thing
 12833 | D:15     | Reached skill level 10 in Throwing
 12837 | D:15     | Gained mutation: Your spells are a little harder to cast, but a little more powerful. [potion of beneficial mutation]
 12838 | D:15     | Gained mutation: You are very agile. (Dex +4) [potion of beneficial mutation]
 12937 | Depths:1 | jacquesderrida: Аааааааааааааааааааааааааааа
 12938 | Depths:1 | jacquesderrida: ДЖЕЛЕР
 12938 | Depths:1 | ololoev: черт, нет маппинга!
 12938 | Depths:1 | jacquesderrida: ЗАХ
 12940 | Depths:1 | jacquesderrida: МАПЕРН
 12960 | Depths:1 | jacquesderrida: МАЧИ
 12987 | Depths:1 | jacquesderrida: 1000000 голд
 13008 | Depths:1 | jacquesderrida: ЛАБЕР
 13010 | Depths:1 | Found a magical portal.
 13018 | Depths:1 | ololoev: лол
 13018 | Depths:1 | ololoev: успел
 13018 | Depths:1 | jacquesderrida: IT'S HABBENING
 13019 | WizLab   | Entered Iskenderun's Mystic Tower
 13020 | WizLab   | jacquesderrida: щииииииииет
 13020 | WizLab   | jacquesderrida: ГАМНО
 13020 | WizLab   | ololoev: конжураторсы
 13020 | WizLab   | ololoev: отстой
 13031 | WizLab   | jacquesderrida: МАЧИ
 13055 | Depths:1 | jacquesderrida: ПЗЦ
 13055 | Depths:1 | ololoev: идите нафиг!
 13233 | Depths:1 | Received a gift from Okawaru
 13345 | Depths:1 | Reached skill level 5 in Dodging
 13353 | Depths:1 | Found a gateway to Hell.
 13363 | Depths:1 | Received a gift from Okawaru
 13409 | Depths:1 | Noticed a stone giant
 13430 | Depths:1 | Killed a stone giant
 13464 | Depths:1 | Noticed a green very ugly thing
 13464 | Depths:1 | Noticed a green very ugly thing
 13477 | Depths:1 | Killed a green very ugly thing
 13487 | Depths:1 | Killed a green very ugly thing
 13604 | Depths:1 | Noticed a fire giant
 13639 | Depths:1 | Killed a fire giant
 13639 | Depths:1 | Reached skill level 10 in Invocations
 13810 | Depths:1 | Found a corrupted altar of Lugonu.
 13810 | Depths:1 | Found a one-way gate to the infinite horrors of the Abyss.
 13833 | Depths:1 | Reached skill level 17 in Long Blades
 14402 | Depths:1 | Noticed a fire giant
 14409 | Depths:1 | Killed a fire giant
 14478 | Depths:2 | Noticed ololoev's ghost (adept HOFi)
 14480 | Depths:2 | jacquesderrida: RIPPED
 14487 | Depths:2 | ololoev: убирай за собой, лолоев
 14489 | Depths:2 | Noticed a vampire knight
 14505 | Depths:2 | Paralysed by something for 7 turns
 14511 | Depths:2 | Slain by ololoev's ghost

Dungeon Overview and Level Annotations

Branches:
Dungeon (15/15)            Temple (1/1) D:7            Lair (0/8) D:8
    Orc (0/2) D:9          Vaults (0/5) D:13         Depths (2/5) D:15

Altars:
Ashenzari
Cheibriados
Dithmenos
Elyvilon
Fedhas
Gozag
Kikubaaqudgha
Makhleb
Nemelex Xobeh
Okawaru
Pakellas
Qazlal
Ru
Sif Muna
Trog
Vehumet
Xom
Yredelemnul
Zin
The Shining One
Lugonu

Shops:
D:5 *   D:6 *   D:15 *

Portals:
Hell: Depths:1
Abyss: Depths:1
Trove: D:14 (give +6 fire dragon armour)

Annotations:
Depths:2 ololoev's ghost, adept HOFi


Message History

Your peck misses the phantasmal warrior.
The phantasmal warrior misses you. You furiously retaliate!
You headbutt the phantasmal warrior, but do no damage.
You hit the phantasmal warrior but do no damage.
You headbutt the phantasmal warrior, but do no damage.
You slice the phantasmal warrior!! You burn the phantasmal warrior.
You headbutt the phantasmal warrior!
Your peck misses the phantasmal warrior.
The phantasmal warrior is severely damaged.
The phantasmal warrior closely misses you.
You slash the phantasmal warrior! You burn the phantasmal warrior.
You destroy the phantasmal warrior!
Okawaru accepts your kill.
Ololoev's ghost turns its malevolent gaze towards you.
A yaktaur and a vampire knight come into view.
There is a stone staircase leading up here.
There are no items here.
There are no items here.
There are no items here.
There are no items here.
The vampire knight shouts!
Use which ability? (? or * to list)
You can now deal lightning-fast blows.
You feel somewhat more hungry.
Evoke which item? (* to show all) (? for menu, Esc to quit)
Okay, then.
The vampire knight gestures wildly while chanting.
The vampire knight flickers and vanishes!
Deactivating autopickup; reactivate with Ctrl-A.
You slash ololoev's ghost! You burn ololoev's ghost.
Your peck misses ololoev's ghost.
Ololoev's ghost is lightly damaged.
You closely miss ololoev's ghost. Your headbutt misses ololoev's ghost.
You peck ololoev's ghost, but do no damage.
Ololoev's ghost is lightly damaged.
Ololoev's ghost hits you.
You barely miss ololoev's ghost.
The yaktaur shouts!
You headbutt ololoev's ghost, but do no damage.
You peck ololoev's ghost, but do no damage.
Ololoev's ghost is lightly damaged.
You slash ololoev's ghost! You burn ololoev's ghost.
You peck ololoev's ghost, but do no damage.
Ololoev's ghost is moderately damaged.
Ololoev's ghost hits you.
You hit ololoev's ghost.
You headbutt ololoev's ghost, but do no damage.
You peck ololoev's ghost, but do no damage.
Ololoev's ghost is moderately damaged.
You hit ololoev's ghost. You burn ololoev's ghost.
You headbutt ololoev's ghost! Your peck misses ololoev's ghost.
Ololoev's ghost is moderately damaged.
You slash ololoev's ghost! You burn ololoev's ghost.
You headbutt ololoev's ghost, but do no damage.
Your peck misses ololoev's ghost.
Ololoev's ghost is heavily damaged.
You slice ololoev's ghost!! You burn ololoev's ghost.
You headbutt ololoev's ghost, but do no damage.
Ololoev's ghost is heavily damaged.
Ololoev's ghost hits you!!
You closely miss ololoev's ghost.
You peck ololoev's ghost, but do no damage.
Ololoev's ghost is heavily damaged.
You hear some strange, mumbled words.
You suddenly lose the ability to move!
Ololoev's ghost hits you but does no damage.
You hear some strange, mumbled words.
Ololoev's ghost hits you!! Ololoev's ghost freezes you! Something hits you!
Something bites you.
Ololoev's ghost hits you but does no damage.
Something hits you but does no damage. Something bites you but does no damage.
Ololoev's ghost hits you!! Ololoev's ghost freezes you! Something hits you!
Something bites you but does no damage.
You hear some strange, mumbled words.
Something tries to affect you, but you resist.
Ololoev's ghost hits you but does no damage.
The yaktaur hits you! Something hits you.
Something bites you but does no damage. Ololoev's ghost hits you!!
You die...

You could see a yaktaur and ololoev's ghost.

Vanquished Creatures
  Kirke (D:14)
  2 fire giants (Depths:1)
  A stone giant (Depths:1)
  4 very ugly things
  2 ettins
  A fire dragon (Depths:1)
  2 jiangshi
  2 ogre magi (D:15)
  A yaktaur captain (Depths:1)
  A rakshasa (Depths:1)
  An ice dragon (Depths:1)
  A hydra (D:13)
  5 centaur warriors
  A deep troll shaman (Depths:1)
  5 tengu warriors
  A vampire mage (Depths:1)
  A deep elf knight (D:15)
  A fire crab (shapeshifter) (D:13)
  3 unseen horrors
  A swamp dragon (shapeshifter) (D:13)
  A deep troll (D:15)
  The ghost of eragonby the Basher, a novice GrFi of Okawaru (D:7)
  Pikel (D:7)
  4 hill giants
  2 phantasmal warriors (Depths:2)
  2 necromancers (Depths:1)
  20 ugly things
  A griffon (D:15)
  10 slime creatures
  7 deep elf magi
  A manticore (D:14)
  3 cyclopes
  An iron giant simulacrum (Depths:1)
  2 gargoyles (D:14)
  4 kobold demonologists
  7 yaktaurs (Depths:1)
  A komodo dragon (D:13)
  A freezing wraith (D:13)
  A harpy zombie (D:15)
  A queen bee (D:9)
  6 trolls
  Grinder (D:5)
  5 two-headed ogres
  A fire dragon zombie (Depths:1)
  A frost giant simulacrum (Depths:1)
  An ettin skeleton (Depths:1)
  2 vampires
  A spriggan (shapeshifter) (D:13)
  A shadow (D:15)
  22 yaks
  2 wyverns
  2 hippogriffs
  3 hogs (D:14)
  A water elemental (Depths:1)
  2 wraiths
  A human (shapeshifter) (D:15)
  A basilisk (D:15)
  3 wargs (D:8)
  4 vampire mosquitoes (D:13)
  A mottled dragon (D:12)
  A soldier ant (D:13)
  2 sky beasts
  A slave (D:7)
  6 ice beasts
  9 orc warriors
  A gnoll sergeant (D:7)
  2 black bears
  A wasp (D:12)
  7 ogres
  12 centaurs
  6 big kobolds
  11 giant frogs
  2 scorpions
  14 killer bees (D:9)
  4 wights (D:6)
  4 centaur zombies
  3 crimson imps
  3 hounds
  4 jellies
  2 gnoll shamans (D:8)
  18 orc priests
  An iron imp (D:5)
  22 orc wizards
  3 centaur skeletons
  Jessica (D:3)
  5 iguanas
  5 worker ants
  2 hound zombies
  3 hound skeletons
  3 worker ant zombies
  15 gnolls
  8 adders
  2 shadow imps
  An adder skeleton (D:8)
  3 worms
  5 giant geckos
  126 orcs
  2 bats
  4 giant cockroaches
  2 goblins (D:3)
  7 hobgoblins
  15 jackals
  5 quokkas
  A ball python (D:5)
  3 giant newts
  A goblin zombie (D:7)
  2 hobgoblin zombies (D:7)
  31 kobolds
  A kobold skeleton (D:7)
  6 rats
  A spectral orc (D:4)
568 creatures vanquished.

Vanquished Creatures (others)
  A human (D:14)
  2 slaves (D:7)
  A crimson imp (D:14)
  A quasit (D:7)
  2 orc priests
  A worker ant (D:7)
  A gnoll (D:7)
  4 orcs
  A quokka (D:7)
  A kobold zombie (D:7)
15 creatures vanquished.

Grand Total: 583 creatures vanquished

Action                   |  1- 3 |  4- 6 |  7- 9 | 10-12 | 13-15 || total
-------------------------+-------+-------+-------+-------+-------++-------
Melee: Long sword        |    94 |   121 |    41 |   712 |    27 ||   995
       Headbutt          |    13 |    13 |    51 |   177 |   177 ||   431
       Falchion          |       |       |   266 |   133 |       ||   399
       Punch             |       |       |     2 |     4 |     2 ||     8
       Great sword       |       |       |       |       |   416 ||   416
       Peck              |       |       |       |       |    95 ||    95
 Fire: Blowgun           |       |     2 |    50 |       |       ||    52
Invok: Heroism           |       |       |     4 |    20 |    19 ||    43
       Finesse           |       |       |       |     1 |     2 ||     3
Evoke: Wand              |       |       |       |     3 |       ||     3
  Use: Potion            |       |     1 |     1 |     1 |     7 ||    10
       Scroll            |       |       |     1 |       |    24 ||    25
  Eat: Chunk             |     2 |     4 |     9 |    20 |    15 ||    50
       Pizza             |       |       |       |       |     1 ||     1
Armor: Scale mail        |    24 |       |       |       |       ||    24
       Plate armour      |    38 |    82 |   162 |   525 |   236 ||  1043
Dodge: Dodged            |    45 |    37 |   106 |   277 |   182 ||   647

Vault maps used:
D:1:      wheals_arrival_shading, serial_forest, infiniplex_forest_lined_2,
          infiniplex_forest_straight_1, infiniplex_forest_straight_4,
          infiniplex_forest_corner_1
D:3:      lemuel_coloured_pillars_altar, uniq_jessica
D:4:      yredelemnul_forgotten_temple_becter, dk_vineyard_2
D:5:      slow_altar_2, first_bread, serial_shops, nicolae_shop_window_shopping,
          sigmund_army, uniq_grinder
D:6:      serial_shops, shop_coins
D:7:      nicolae_tso_besieged_by_evil, temple_fountains, uniq_pikel
D:8:      overflow_temple_1_default, erik_lair_orcish_takeover
D:9:      grunt_gozag_breadcrumbs, hiddenorc2_lemuel, basic_altar,
          david_nohive_1, bh_walls_and_bars
D:10:     bh_hangedman_babel_library
D:11:     basic_altar
D:12:     minmay_misc_feat_square, roderic_serpentine_path,
          kennysheep_small_square
D:13:     david_vaults_4, grunt_pakellas_mercury
D:14:     enter_trove_1, minmay_misc_feat_more_columns, uniq_kirke
D:15:     hangedman_depths_entry_civil_slaughter, serial_shops, shop
Temple:   water_room_temple_a_12
Depths:1: hangedman_abyss_or_decor_passed, mu_enter_wizlab_4,
          abyss_entry_flame_altar, hell_entry, kennysheep_doodads,
          kennysheep_opposing_triangles
Depths:2: grunt_profane_halls, pan_entry, abyss_entry, hell_entry
WizLab:   wizlab_iskenderun
